Map: Chantier naval orbital

Players

WildLirio

  • Race: Terran Terran
  • League: Master

oKidOki - Winner!

  • Race: Terran Terran
  • League: Diamond

VOD

Have the link to the VOD?

Description

Time

  • Played on: April 24, 2016, 1:16 p.m.
  • Length: 6:59
Show
View Real Time Build Order
Export as new Build Order

WildLirio Terran 

Build Orders:  

Get SALT Encoding   

  12  0:00  SCV  
  13  0:13  SCV  
  14  0:18  Supply Depot  
  14  0:25  SCV  
  15  0:43  Barracks  
  15  1:02  Barracks  
  15  1:08  Barracks  
  15  1:23  Barracks  
  15  1:24  SCV  
  16  1:31  Marine  
  17  1:34  Supply Depot  
  17  1:46  SCV  
  18  1:50  Marine  
  19  1:56  Marine  
  19  1:57  Marine  
  21  2:11  Orbital Command  
  21  2:13  Marine x2  
  22  2:29  Marine x2  
  23  2:30  Marine  
  23  2:34  Marine  
  26  2:47  Marine x2  
  26  2:48  Marine  
  29  2:57  SCV  
  27  3:06  Bunker  
  27  3:09  SCV  
  27  3:11  Marine x3  
  31  3:22  SCV  
  31  3:25  Supply Depot  
  31  3:26  Marine  
  30  3:40  Marine x2  
  31  3:47  SCV  
  32  3:50  Command Center  
  32  3:52  Marine x2  
  28  4:10  Marine x3  
  28  4:14  SCV  
  28  4:16  Refinery  
  28  4:17  Refinery  
  32  4:24  Marine  
  32  4:26  SCV  
  32  4:28  Marine x2  
  36  4:33  Marine  
  35  4:50  SCV  
  35  5:02  SCV  
  35  5:05  Orbital Command  
  36  5:14  Command Center, SCV  
  35  5:32  SCV  
  35  5:37  SCV  
  35  5:40  Marine x4  
  40  5:45  Factory  
  40  5:56  SCV x2  
  42  6:01  Marine  
  40  6:15  Engineering Bay  
  40  6:17  SCV x2  
  42  6:31  Starport  
  42  6:32  SCV x2, Barracks Reactor  
  44  6:36  Factory Tech Lab  
  44  6:44  Barracks  
  44  6:48  Barracks  
  41  6:55  Bunker  
Show
View Real Time Build Order
Export as new Build Order

oKidOki Terran - Winner!

Build Orders: Reaper Expand 

Get SALT Encoding   

  12  0:01  SCV  
  13  0:13  SCV  
  14  0:18  Supply Depot  
  14  0:25  SCV  
  15  0:39  SCV  
  15  0:42  Barracks  
  16  0:47  Refinery  
  16  0:52  SCV  
  17  1:04  SCV  
  18  1:17  SCV  
  19  1:30  Orbital Command  
  19  1:32  Reaper  
  20  1:48  Command Center  
  20  1:56  SCV  
  20  1:59  Supply Depot  
  21  2:01  Refinery  
  20  2:11  SCV  
  20  2:12  Marine  
  22  2:23  SCV  
  22  2:25  Bunker  
  23  2:36  Reaper  
  24  2:41  SCV  
  25  2:45  Factory  
  25  2:58  SCV  
  25  3:00  Orbital Command  
  26  3:07  Barracks  
  26  3:19  Reaper  
  27  3:38  SCV  
  27  3:40  Factory Tech Lab  
  27  3:41  SCV, Starport  
  28  3:44  Refinery  
  29  3:50  SCV  
  29  3:53  SCV  
  29  3:54  Barracks Reactor  
  31  4:04  Liberator  
  31  4:09  SCV  
  32  4:10  Siege Tank, Barracks Tech Lab  
  32  4:13  Barracks  
  35  4:23  SCV  
  39  4:24  SCV  
  40  4:32  Supply Depot  
  40  4:33  Supply Depot  
  40  4:35  SCV  
  40  4:36  SCV  
  42  4:42  Marine  
  42  4:43  Stimpack  
  42  4:44  Barracks  
  41  4:47  SCV  
  42  4:59  Siege Tank, SCV  
  46  5:00  Marine x2  
  46  5:03  Marine x2  
  46  5:06  Engineering Bay  
  50  5:07  Medivac  
  52  5:26  SCV  
  52  5:27  Marine x4  
  57  5:31  Siege Tank  
  59  5:35  Supply Depot  
  59  5:37  Medivac  
  59  5:38  SCV  
  59  5:40  Barracks Reactor  
  62  5:44  Supply Depot  
  62  5:57  SCV x2, Marine x4  
  62  6:00  Refinery, Supply Depot  
  68  6:14  Marine x3  
  68  6:15  Siege Tank  
  68  6:16  Barracks Reactor  
  74  6:21  SCV x2  
  74  6:24  Barracks Reactor  
  76  6:30  Command Center  
  76  6:32  Marine x3  
Tags
 
Add a new tag
Caveats
  • Supply blocks, unpowered buildings, or Contaminate may cause inaccurate times.
  • Supply counts are checked every 10 seconds.